 Dungeon Crawl Stone Soup version 0.23.2-1-ga50397a (webtiles) character file.

Game seed: 13284205186912027846

1354360 spiff the Acrobat (level 25, 153/153 HPs)
             Began as a Kobold Gladiator on May 10, 2019.
             Was the Champion of Ru.
             Escaped with the Orb
             ... and 3 runes on May 14, 2019!
             The game lasted 06:22:00 (111786 turns).

spiff the Acrobat (Kobold Gladiator)              Turns: 111786, Time: 06:22:01

Health: 153/153    AC: 27    Str: 17 (18) XL:     25
Magic:  28/32      EV: 16    Int: 17      God:    Ru [******]
Gold:   4878       SH:  8    Dex: 11      Spells: 40/41 levels left

rFire    + + +     SeeInvis +   a - +7 captain's cutlass {speed, disarm}
rCold    + . .     Gourm    .   S - +1 buckler {reflect}
rNeg     . . .     Faith    .   i - +6 plate armour of Ru's Benevolence {rPois rCorr}
rPois    +         Spirit   .   g - +2 hat {MR+}
rElec    .         Reflect  +   j - scarf {rC+ rF+}
rCorr    +         Harm     .   F - +2 pair of gloves "Geadul" {rF+ Str+3 Int+3 Slay+6}
MR       ++...                  q - +0 pair of boots
Stlth    ..........             m - amulet of the acrobat
HPRegen  0.35/turn              R - ring of see invisible
MPRegen  0.23/turn              U - ring of the Duchess {+Blink +Fly rPois rF+ Dex-3}

@: exhausted, very slightly contaminated, drained
A: small, claws 1, fangs 1, horns 1, yellow scales 1, carnivore, clumsy 2,
deformed body, deterioration 1, frail 1, low mp 1, weak 1, no potion heal 1, no
stealth, hated by all, no necromancy magic, no poison magic, no translocations
magic, unskilled 1, inexperienced 1
0: Orb of Zot
}: 3/15 runes: decaying, slimy, gossamer
a: Draw Out Power, Power Leap, Apocalypse, Renounce Religion, Evoke Blink, Evoke
Flight


You escaped.
You worshipped Ru.
Ru was exalted by your worship.
You were full.

You visited 10 branches of the dungeon, and saw 51 of its levels.
You also visited: Wizlab.

You collected 5048 gold pieces.
You spent 170 gold pieces at shops.

Inventory:

Hand Weapons
 a - the +7 captain's cutlass (weapon) {speed, disarm}
   (You took it off a red draconian on level 5 of the Realm of Zot)

   Attacks with this weapon are significantly faster.
 b - the +12 hunting sling "Etisoanypp" {venom, MR+}
   (You found it on level 4 of the Lair of Beasts)

   It poisons the ammo it fires.
   It affects your resistance to hostile enchantments.
 w - a +9 blowgun
Missiles
 d - 4 throwing nets (quivered)
 e - 106 stones
 t - 7 needles of frenzy
 D - 3 needles of paralysis
 I - 12 curare-tipped needles
 W - 15 sling bullets
Armour
 g - a +2 hat of magic resistance (worn)
 i - the +6 plate armour of Ru's Benevolence (worn) {rPois rCorr}
   (You found it on level 6 of the Dungeon)

   It protects you from poison.
   It provides partial protection from all sources of acid and corrosion.
 j - a scarf of resistance (worn)
 q - a +0 pair of boots (worn)
 F - the +2 pair of gloves "Geadul" (worn) {rF+ Str+3 Int+3 Slay+6}
   (You took it off Nikola on level 3 of the Swamp)

   It affects your strength (+3).
   It affects your intelligence (+3).
   It affects your accuracy and damage with ranged weapons and melee attacks
   (+6).
   It protects you from fire.
 S - a +1 buckler of reflection (worn)
Jewellery
 m - an amulet of the acrobat (around neck)
 K - a +3 ring of protection
 O - a +6 amulet of reflection
 R - a ring of see invisible (left hand)
 U - the ring of the Duchess (right hand) {+Blink +Fly rPois rF+ Dex-3}
   (You found it in a wizard's laboratory)

   [ring of flight]

   It affects your dexterity (-3).
   It protects you from fire.
   It protects you from poison.
   It lets you fly.
   It lets you blink.
Wands
 s - a wand of iceblast (5)
 B - a wand of paralysis (21)
 M - a wand of disintegration (9)
 T - a wand of acid (4)
 X - a wand of digging (4)
Scrolls
 n - 7 scrolls of remove curse
 o - a scroll of enchant weapon
 v - 14 scrolls of identify
 y - a scroll of silence
 G - 2 scrolls of immolation
 H - 2 scrolls of blinking
 J - a scroll of fear
 L - 7 scrolls of fog
 N - 2 scrolls of holy word
 P - 5 scrolls of teleportation
 Y - 3 scrolls of enchant armour
Potions
 c - 6 potions of agility
 h - a potion of resistance
 l - 14 potions of curing
 r - 2 potions of mutation
 u - 6 potions of ambrosia
 x - 5 potions of might
 z - 4 potions of invisibility
 A - 3 potions of berserk rage
 C - 5 potions of flight
 E - 3 potions of heal wounds
 V - 2 potions of cancellation
Comestibles
 f - 51 rations


   Skills:
 + Level 21.3(19.8) Fighting
 - Level 14.0(12.7) Short Blades
 - Level 10.7(10.8) Slings
 - Level 10.0(11.0) Throwing
 - Level 17.0(15.6) Armour
 + Level 21.7(20.3) Dodging
 - Level 10.0(8.8) Shields
 - Level 8.6(7.5) Spellcasting
 - Level 8.6(7.5) Hexes
 - Level 17.0(15.6) Evocations


You had 40 spell levels left.
You knew the following spells:

 Your Spells              Type           Power        Failure   Level  Hunger
a - Confusing Touch       Hex            ####..       8%          1    None

Your spell library contained the following spells:

 Spells                   Type           Power        Failure   Level  Hunger
 Corona                   Hex            ####...      8%          1    None
 Slow                     Hex            ####....     12%         2    None
 Confuse                  Hex            ####....     22%         3    ##.....
 Tukima's Dance           Hex            ####....     22%         3    ##.....
 Ensorcelled Hibernation  Hex/Ice        ###...       50%         2    None
 Cause Fear               Hex            ####......   58%         4    ####...
 Dazzling Spray           Conj/Hex       ###...       73%         3    ##.....
 Inner Flame              Hex/Fire       ###.....     73%         3    ##.....
 Freeze                   Ice            #...         86%         1    None
 Magic Dart               Conj           #...         86%         1    None
 Sandblast                Erth           #.....       86%         1    None
 Shock                    Conj/Air       #...         86%         1    None
 Passwall                 Tmut/Erth      #.......     95%         2    None
 Swiftness                Chrm/Air       #.......     95%         2    None
 Throw Frost              Conj/Ice       #.....       95%         2    None
 Leda's Liquefaction      Hex/Erth       ###.......   98%         4    ####...
 Conjure Flame            Conj/Fire      #.......     99%         3    ##.....
 Ozocubu's Armour         Chrm/Ice       #.......     99%         3    ##.....
 Static Discharge         Conj/Air       #.......     99%         3    ##.....
 Stone Arrow              Conj/Erth      #.....       99%         3    ##.....
 Airstrike                Air            #.........   100%        4    ####...
 Petrify                  Tmut/Erth      #.......     100%        4    ####...
 Throw Icicle             Conj/Ice       #.......     100%        4    ####...
 Aura of Abjuration       Summ           #.........   100%        5    #####..
 Bolt of Magma            Conj/Fire/Erth #.........   100%        5    #####..
 Iskenderun's Battlesphe  Conj/Chrm      #.......     100%        5    #####..
 Lee's Rapid Deconstruct  Erth           #.........   100%        5    #####..
 Lightning Bolt           Conj/Air       #.........   100%        5    #####..
 Metabolic Englaciation   Hex/Ice        ###.......   100%        5    #####..
 Yara's Violent Unravell  Hex/Tmut       ###.......   100%        5    #####..
 Bolt of Cold             Conj/Ice       #.........   100%        6    #######
 Bolt of Fire             Conj/Fire      #.........   100%        6    #######
 Darkness                 Hex            ####......   100%        6    #######
 Hydra Form               Tmut           #.........   100%        6    #######
 Iron Shot                Conj/Erth      #.........   100%        6    #######
 Statue Form              Tmut/Erth      #........    100%        6    #######
 Orb of Destruction       Conj           #.........   100%        7    #######
 Chain Lightning          Conj/Air       #.........   100%        8    #######
 Lehudib's Crystal Spear  Conj/Erth      #.........   100%        8    #######
 Fire Storm               Conj/Fire      #.........   100%        9    #######
 Glaciate                 Conj/Ice       #.........   100%        9    #######
 Shatter                  Erth           #.........   100%        9    #######
 Portal Projectile        Hex/Tloc       Unusable     N/A         3    N/A
 Summon Guardian Golem    Hex/Summ       Unusable     N/A         3    N/A
 Animate Skeleton         Necr           Unusable     N/A         1    N/A
 Pain                     Necr           Unusable     N/A         1    N/A
 Summon Butterflies       Summ           Unusable     N/A         1    N/A
 Summon Small Mammal      Summ           Unusable     N/A         1    N/A
 Blink                    Tloc           Unusable     N/A         2    N/A
 Call Imp                 Summ           Unusable     N/A         2    N/A
 Corpse Rot               Necr           Unusable     N/A         2    N/A
 Shroud of Golubria       Chrm/Tloc      Unusable     N/A         2    N/A
 Sublimation of Blood     Necr           Unusable     N/A         2    N/A
 Call Canine Familiar     Summ           Unusable     N/A         3    N/A
 Gell's Gravitas          Tloc           Unusable     N/A         3    N/A
 Lesser Beckoning         Tloc           Unusable     N/A         3    N/A
 Mephitic Cloud           Conj/Pois/Air  Unusable     N/A         3    N/A
 Recall                   Summ/Tloc      Unusable     N/A         3    N/A
 Regeneration             Chrm/Necr      Unusable     N/A         3    N/A
 Teleport Other           Tloc           Unusable     N/A         3    N/A
 Vampiric Draining        Necr           Unusable     N/A         3    N/A
 Animate Dead             Necr           Unusable     N/A         4    N/A
 Passage of Golubria      Tloc           Unusable     N/A         4    N/A
 Summon Ice Beast         Ice/Summ       Unusable     N/A         4    N/A
 Summon Lightning Spire   Summ/Air       Unusable     N/A         4    N/A
 Agony                    Necr           Unusable     N/A         5    N/A
 Bolt of Draining         Conj/Necr      Unusable     N/A         5    N/A
 Dispel Undead            Necr           Unusable     N/A         5    N/A
 Excruciating Wounds      Chrm/Necr      Unusable     N/A         5    N/A
 Summon Demon             Summ           Unusable     N/A         5    N/A
 Summon Forest            Summ/Tloc      Unusable     N/A         5    N/A
 Summon Mana Viper        Hex/Summ       Unusable     N/A         5    N/A
 Venom Bolt               Conj/Pois      Unusable     N/A         5    N/A
 Death Channel            Necr           Unusable     N/A         6    N/A
 Dispersal                Tloc           Unusable     N/A         6    N/A
 Poison Arrow             Conj/Pois      Unusable     N/A         6    N/A
 Shadow Creatures         Summ           Unusable     N/A         6    N/A
 Spellforged Servitor     Conj/Summ      Unusable     N/A         7    N/A
 Summon Hydra             Summ           Unusable     N/A         7    N/A

Dungeon Overview and Level Annotations

Branches:
Dungeon (15/15)            Temple (1/1) D:5            Lair (6/6) D:8
  Swamp (4/4) Lair:4       Spider (4/4) Lair:3        Slime (5/5) Lair:6
    Orc (2/2) D:12            Elf (0/3) Orc:2        Vaults (4/5) D:13
  Crypt (0/3) Vaults:2     Depths (5/5) D:15            Zot (5/5) Depths:5

Altars:
Ashenzari
Cheibriados
Dithmenos
Elyvilon
Fedhas
Gozag
Hepliaklqana
Kikubaaqudgha
Makhleb
Nemelex Xobeh
Okawaru
Qazlal
Ru
Sif Muna
Trog
Uskayaw
Vehumet
Wu Jian
Xom
Yredelemnul
Zin
The Shining One
Jiyva
Lugonu

Shops:
D:4 [   D:9 =   D:13 [   Orc:1 =   Orc:2 [}[

Portals:
Hell: Depths:1 Depths:2 Depths:3 Depths:4 Depths:5
Abyss: Depths:2 Depths:4 Depths:5
Pandemonium: Depths:3 Depths:5
Ziggurat: Depths:2
Trove: D:15 (give horn of Geryon)

Annotations:
D:12 1 runed translucent door, doot's ghost, novice FeEn
Lair:4 exclusion: oklob plant
Lair:5 exclusion: oklob plant
Lair:6 1 exclusion
Swamp:3 Mara
Zot:4 exclusion: 2 upstairs
Zot:5 exclusion: upstairs


Innate Abilities, Weirdness & Mutations

You are small and have problems with some larger weapons.
You are carnivorous and can eat meat at any time.
You cannot be stealthy.
You are hated by all.
You cannot study or cast Necromancy magic.
You cannot study or cast Poison magic.
You cannot study or cast Translocations magic.
You are somewhat unskilled. (-1 Apt)
You are somewhat inexperienced. (-2 XL)
You have sharp fingernails.
You have very sharp teeth.
You have a pair of small horns on your head.
You are partially covered in yellow scales. (AC +2)
You are very clumsy. (Dex -4)
Armour fits poorly on your strangely shaped body.
Your body sometimes deteriorates upon taking damage.
You are frail. (-10% HP)
Your magical capacity is low. (-10% MP)
You are weak. (Str -2)
Potions are less effective at restoring your health.


Message History

You block the ufetubus's attack. The ufetubus completely misses you.
The ufetubus closely misses you. You block the ufetubus's attack.
The ufetubus misses you. x2
The ufetubus completely misses you. The ufetubus misses you.
The ufetubus completely misses you. You block the ufetubus's attack.
The ufetubus hits the plant.
The ufetubus hits the plant but does no damage.
You block the ufetubus's attack. The ufetubus completely misses you.
The ufetubus disappears in a puff of smoke!
The ufetubus completely misses something.
The ufetubus hits something but does no damage.
Aiming: Power Leap
Press: ? - help, Dir - move target cursor The ufetubus is stunned by your will and fails to attack.
The ufetubus disappears in a puff of smoke!
There is a staircase leading out of the dungeon here.
The +12 hunting sling "Etisoanypp" {venom, MR+} stops dripping with poison.
Your hands tingle!
a - the +7 captain's cutlass (weapon)
{speed, disarm} You have escaped!

≈≈≈≈....♣#.........###.....####
≈≈≈≈....♣#........># #######
≈≈≈.....P#.........#
≈≈.......#........)#
≈≈≈≈....P#........##
≈≈≈.....♣##########
≈≈≈......♣P.P.♣
≈≈≈≈..........♣♣♣♣
≈≈≈....P.♣.....♣@♣
≈≈≈≈............P♣
≈≈≈≈≈............♣
≈≈≈≈≈≈...........♣
≈≈≈≈≈≈≈≈≈..≈≈..♣♣♣♣
≈≈≈≈≈≈≈≈≈≈≈≈≈≈≈≈≈≈♣
≈≈≈≈≈≈≈≈≈≈≈≈≈≈≈≈≈≈♣
≈≈≈≈≈≈≈≈≈≈≈≈≈≈≈≈≈≈≈≈≈
#####################


There were no monsters in sight!

Vanquished Creatures
  the Royal Jelly (Slime:5)
  6 orbs of fire (Zot:5)
  4 ancient liches (Zot:5)
  A juggernaut (Depths:3)
  Boris (twice) (Vaults:3 Depths:4)
  Sojobo (Depths:2)
  Bai Suzhen (Vaults:3)
  8 Killer Klowns
  Saint Roka (Vaults:2)
  A curse toe (Zot:5)
  4 caustic shrikes
  Nikola (Swamp:3)
  Arachne (Spider:2)
  7 golden dragons
  An electric golem (Zot:5)
  Jorgrun (Orc:1)
  A moon troll (WizLab)
  11 tentacled monstrosities
  3 liches
  19 acid blobs
  22 Orb Guardians
  8 death cobs
  2 quicksilver dragons
  5 tentacled starspawn (WizLab)
  2 sphinxes (Depths:4)
  7 tengu reavers
  2 thorn hunters
  4 shadow dragons
  Donald (Swamp:4)
  5 draconian monks
  3 storm dragons
  6 azure jellies
  Aizul (Spider:3)
  A deep elf sorcerer (Depths:4)
  8 fire giants
  5 frost giants
  A balrug (Depths:1)
  6 draconian scorchers
  8 draconian knights
  2 iron dragons
  5 vault wardens
  2 cacodemons (WizLab)
  2 emperor scorpions
  Louise (D:14)
  7 ghost moths
  6 draconian shifters
  23 very ugly things
  6 draconian stormcallers
  A war gargoyle (Vaults:4)
  8 draconian annihilators
  16 stone giants
  A spriggan defender (Depths:2)
  6 ironheart preservers
  4 green draconians
  2 vampire knights
  An entropy weaver (Spider:4)
  2 deep elf demonologists
  5 grey draconians (Zot:4)
  5 yellow draconians
  Nessos (D:14)
  6 black draconians
  8 white draconians
  2 lorocyprocas (Depths:1)
  A minotaur (Lair:1)
  12 red draconians
  12 purple draconians
  10 spark wasps
  A green death (Depths:5)
  3 crystal guardians
  8 ettins
  7 death oozes
  11 fire dragons
  A deep elf high priest (Depths:2)
  15 great orbs of eyes
  14 yaktaur captains
  2 vault guards (D:13)
  A ghost crab (Swamp:3)
  6 rakshasas
  16 ice dragons
  The ghost of xveg the Whirler, a journeyman HaHu of Fedhas (Lair:2)
  Erica (D:10)
  20 hydras
  3 spriggan air magi
  13 ogre magi
  2 catoblepae (D:14)
  The ghost of RatmanManrat the Basher, a novice MiBe of Trog (D:9)
  6 shambling mangroves
  10 centaur warriors
  10 alligators
  A death yak (Lair:2)
  43 two-headed ogres
  7 deep troll earth magi
  4 deep troll shamans
  An orc high priest (Orc:2)
  A tengu warrior (D:15)
  5 spriggan berserkers
  2 sun demons (Depths:1)
  Sonja (D:10)
  4 deep elf knights
  9 hell knights
  3 iron trolls
  An iron troll (shapeshifter) (Depths:4)
  15 deep trolls
  A fire crab (shapeshifter) (Depths:3)
  5 skeletal warriors (Depths:4)
  2 wretched stars (WizLab)
  An orange crystal statue (WizLab)
  4 unseen horrors
  8 swamp dragons
  2 spriggan druids
  2 deep elf archers
  7 glowing orange brains
  4 flayed ghosts
  9 ironbrand convokers
  A harpy (shapeshifter) (Vaults:3)
  A lindwurm (Lair:6)
  4 wizards
  A wolf spider zombie (D:13)
  3 necromancers (Depths:4)
  25 orb spiders
  5 harpies (Vaults:1)
  53 ugly things
  5 orc knights
  An orb spider (shapeshifter) (Vaults:3)
  6 deep elf magi
  6 shining eyes
  A mana viper (shapeshifter) (Depths:2)
  36 wolf spiders
  8 draconians (Zot:4)
  7 orc sorcerers
  3 cyclopes
  A manticore (shapeshifter) (Depths:5)
  7 elephants (Lair:6)
  17 moths of wrath
  2 manticores
  2 centaur zombies
  A frost giant skeleton (Depths:3)
  A toenail golem (Depths:1)
  5 vault sentinels
  A guardian serpent (shapeshifter) (Depths:1)
  13 eyes of devastation
  2 black mambas
  17 spiny frogs
  The ghost of Frank the Skirmisher, a novice OpFi (D:5)
  5 freezing wraiths
  2 rime drakes
  4 torpor snails
  17 demonic crawlers
  11 komodo dragons
  3 kobold demonologists
  2 tormentors (Depths:1)
  63 yaktaurs
  A komodo dragon (shapeshifter) (Vaults:2)
  2 ice devils (D:13)
  A tengu conjurer (D:15)
  2 polar bears (shapeshifter)
  A meliai (shapeshifter) (Vaults:4)
  27 hornets
  8 polar bears
  28 jumping spiders
  11 trolls
  2 blink frogs (shapeshifter)
  5 meliai
  A hornet (shapeshifter) (Depths:3)
  16 tyrant leeches
  Prince Ribbit (D:6)
  79 slime creatures
  7 dream sheep (Lair:6)
  9 bog bodies
  22 blink frogs
  9 hippogriffs
  A vampire (D:14)
  A centaur simulacrum (D:14)
  4 water elementals
  60 redbacks
  4 shadows
  4 wraiths
  31 tarantellas
  15 spriggans
  5 wyverns
  2 yaks (shapeshifter)
  43 yaks
  A wyvern (shapeshifter) (Vaults:4)
  8 humans
  11 golden eyes
  A basilisk (shapeshifter) (D:15)
  2 hogs (D:8)
  A golden eye (shapeshifter) (Depths:4)
  Grum (D:8)
  25 vampire mosquitoes
  5 basilisks
  3 steam dragons
  A soldier ant (shapeshifter) (D:15)
  6 wargs
  12 insubstantial wisps
  15 swamp worms
  3 acid dragons
  Edmund (D:4)
  4 porcupines
  3 floating eyes
  A sky beast (D:14)
  4 ice beasts
  6 water moccasins
  37 orc warriors
  7 swamp drakes
  4 black bears
  2 necrophages
  35 ogres
  5 phantoms
  4 eyes of draining
  15 boggarts
  12 centaurs
  28 wolves
  20 crocodiles
  A wyvern zombie (D:8)
  3 gnoll sergeants (D:5)
  23 bullfrogs
  6 scorpions
  10 killer bees
  9 wights
  5 electric eels
  3 howler monkeys (D:8)
  7 crimson imps
  2 bullfrog zombies
  2 quasits
  11 starcursed masses (WizLab)
  A hound (D:9)
  2 bullfrog skeletons
  25 orc priests
  4 centaur skeletons
  A gnoll shaman (D:5)
  4 jellies
  35 orc wizards
  Natasha (twice) (D:2)
  3 iguanas
  7 worker ants
  A bullfrog simulacrum (D:10)
  A hound zombie (D:5)
  2 worker ant zombies
  10 gnolls
  11 adders
  A howler monkey skeleton (D:6)
  4 shadow imps
  An ufetubus (Vaults:2)
  An ooze (D:3)
  An adder skeleton (D:10)
  A worm (D:6)
  2 dart slugs (D:1)
  7 leopard geckos
  70 orcs
  2 ball pythons (D:1)
  10 bats
  5 giant cockroaches
  15 goblins
  6 hobgoblins
  13 jackals
  7 quokkas
  5 frilled lizards
  6 kobolds
  6 rats
  A briar patch (Swamp:4)
  2 fungi
  7 starspawn tentacles (WizLab)
2015 creatures vanquished.

Vanquished Creatures (collateral kills)
  Gastronok (Lair:2)
1 creature vanquished.

Vanquished Creatures (others)
  2 Orb Guardians (Zot:5)
  Asterion (Spider:4)
  A draconian scorcher (Zot:4)
  A ghost moth (Spider:2)
  A spriggan defender (Depths:2)
  A stone giant (Depths:1)
  A white draconian (Zot:4)
  2 yaktaur captains
  2 vault guards (D:13)
  A spriggan air mage (Depths:2)
  A two-headed ogre (Vaults:3)
  An alligator (Swamp:4)
  An ogre mage (Vaults:4)
  A sun demon (Depths:1)
  A wolf spider (Spider:4)
  2 yaktaurs
  A demonic crawler (Spider:3)
  A meliai (Spider:4)
  A jumping spider (Spider:1)
  2 slime creatures
  A hornet (Swamp:3)
  A spriggan (Swamp:3)
  A water elemental (Depths:4)
  A human (D:13)
  A vampire mosquito (Swamp:1)
  2 yaks (Lair:2)
  An insubstantial wisp (Swamp:1)
  A swamp drake (Swamp:4)
  A scorpion (D:8)
  12 fungi
  11 plants
  11 starspawn tentacles (WizLab)
  2 withered plants (D:12)
71 creatures vanquished.

Grand Total: 2087 creatures vanquished

Notes
Turn   | Place    | Note
-------+----------+-------------------------------------------
     0 | D:1      | spiff the Kobold Gladiator began the quest for the Orb.
     0 | D:1      | Reached XP level 1. HP: 12/12 MP: 1/1
   178 | D:1      | Reached XP level 2. HP: 18/18 MP: 2/2
   181 | D:1      | Reached skill level 1 in Stealth
   341 | D:1      | Reached XP level 3. HP: 20/22 MP: 3/3
  1234 | D:2      | Noticed Natasha
  1249 | D:2      | Reached XP level 4. HP: 27/27 MP: 4/4
  1470 | D:2      | Found an ancient bone altar of Kikubaaqudgha.
  1478 | D:2      | Found a stormy altar of Qazlal.
  2015 | D:3      | Found a snail-covered altar of Cheibriados.
  2232 | D:3      | Reached skill level 5 in Short Blades
  2245 | D:3      | Reached XP level 5. HP: 32/32 MP: 5/5
  2965 | D:3      | Reached XP level 6. HP: 38/38 MP: 6/6
  3279 | D:4      | Noticed an ogre
  3625 | D:5      | Entered Level 5 of the Dungeon
  3632 | D:4      | Found Ehocosch's Antique Armour Shoppe.
  3700 | D:4      | Killed an ogre
  3996 | D:4      | Reached XP level 7. HP: 35/43 MP: 7/7
  4608 | D:2      | Killed Natasha
  4725 | D:2      | Noticed Natasha
  4733 | D:2      | Killed Natasha
  4919 | D:4      | Reached skill level 5 in Throwing
  4979 | D:5      | Found a transporter.
  5335 | D:5      | Reached skill level 5 in Dodging
  5335 | D:5      | Reached skill level 5 in Stealth
  5335 | D:5      | Reached XP level 8. HP: 48/48 MP: 8/8
  5604 | D:5      | Noticed Edmund
  6130 | D:5      | Noticed Frank's ghost (novice OpFi)
  6152 | D:5      | Found a sacrificial altar of Ru.
  6252 | D:5      | Found a staircase to the Ecumenical Temple.
  6262 | Temple   | Entered the Ecumenical Temple
  6527 | D:6      | Reached skill level 5 in Fighting
  6536 | D:6      | Got a shimmering plate armour
  6547 | D:6      | Identified the +6 plate armour of Ru's Benevolence {rPois
                  | rCorr} (You found it on level 6 of the Dungeon)
  6691 | D:5      | Became a worshipper of Ru the Awakened
  7511 | D:4      | Killed Edmund
  7511 | D:4      | Reached XP level 9. HP: 25/55 MP: 9/9
  7733 | D:5      | Found a transporter.
  8167 | D:7      | Reached skill level 1 in Armour
  8525 | D:6      | Found an iron altar of Okawaru.
  8779 | D:6      | Noticed Prince Ribbit
  9679 | D:6      | Killed Prince Ribbit
 10853 | D:7      | Found a basalt altar of Yredelemnul.
 10854 | D:7      | Found an iron altar of Okawaru.
 10854 | D:7      | Found a shimmering altar of Xom.
 10854 | D:7      | Found a shadowy altar of Dithmenos.
 10854 | D:7      | Found a bloodstained altar of Trog.
 11112 | D:7      | Got a twisted rapier
 11113 | D:7      | Identified the +5 rapier "Kuthuschu" {pierce, rC- Str+5
                  | Dex+2} (You found it on level 7 of the Dungeon)
 11412 | D:8      | Gained mutation: You are somewhat unskilled. (-1 Apt) [Ru
                  | sacrifice]
 11412 | D:8      | Reduced skill Fighting to level 5
 11412 | D:8      | Reduced skill Dodging to level 5
 11412 | D:8      | Reduced skill Stealth to level 5
 11412 | D:8      | Reached * piety under Ru
 11638 | D:8      | Noticed Grum
 11656 | D:8      | Killed Grum
 11699 | D:8      | Reached skill level 5 in Armour
 11699 | D:8      | Reached XP level 10. HP: 45/60 MP: 10/10
 12284 | D:8      | Found a staircase to the Lair.
 12286 | D:8      | Noticed a komodo dragon
 12314 | D:8      | Killed a komodo dragon
 12530 | D:8      | Found a sparkling altar of Nemelex Xobeh.
 12599 | D:8      | Reached skill level 10 in Short Blades
 12916 | D:9      | Found a glowing golden altar of the Shining One.
 13057 | D:9      | Found a transporter.
 13057 | D:9      | Noticed a manticore
 13112 | D:9      | Noticed RatmanManrat's ghost (novice MiBe)
 13112 | D:9      | Noticed a komodo dragon
 13143 | D:9      | Found a transporter.
 13143 | D:9      | Noticed a moth of wrath
 13231 | D:9      | Found Antiniel's Jewellery Boutique.
 13572 | D:9      | Reached XP level 11. HP: 67/71 MP: 11/11
 13590 | D:9      | Found a hide-covered altar of Uskayaw.
 13895 | D:10     | Entered Level 10 of the Dungeon
 13902 | D:10     | Reached skill level 10 in Fighting
 14216 | D:10     | Noticed a cyan ugly thing
 14245 | D:10     | Killed a cyan ugly thing
 14525 | D:10     | Noticed Sonja
 14561 | D:10     | Killed Sonja
 14804 | D:10     | Noticed a two-headed ogre
 14839 | D:10     | Killed an unseen horror
 14839 | D:10     | Reached skill level 5 in Throwing
 15115 | D:9      | Killed a two-headed ogre
 15271 | D:10     | Noticed an ogre mage
 15441 | D:10     | Killed an unseen horror
 15579 | D:10     | Killed an ogre mage
 15649 | D:10     | Noticed a two-headed ogre
 15689 | D:10     | Killed a two-headed ogre
 15689 | D:10     | Reached XP level 12. HP: 77/77 MP: 12/12
 15952 | D:10     | Noticed Erica
 16029 | D:10     | Killed Erica
 17814 | D:5      | Killed Frank's ghost
 18028 | D:6      | Reached skill level 10 in Dodging
 18266 | Lair:1   | Entered Level 1 of the Lair of Beasts
 18547 | Lair:1   | You fall through a shaft!
 18610 | Lair:2   | Reached skill level 1 in Evocations
 19091 | Lair:1   | Reached skill level 10 in Throwing
 19254 | Lair:1   | Noticed a four-headed hydra
 19559 | Lair:1   | Reached XP level 13. HP: 50/82 MP: 16/16
 19567 | Lair:1   | Reached skill level 5 in Evocations
 21008 | Lair:2   | Noticed Gastronok
 21045 | Lair:2   | Killed Gastronok
 21863 | Lair:2   | Reached skill level 10 in Evocations
 22263 | Lair:3   | Learned a level 1 spell: Confusing Touch
 22386 | Lair:3   | Gained mutation: You cannot study or cast Poison magic. [Ru
                  | sacrifice]
 22386 | Lair:3   | Gained mutation: You cannot study or cast Necromancy magic.
                  | [Ru sacrifice]
 22386 | Lair:3   | Gained mutation: You cannot study or cast Translocations
                  | magic. [Ru sacrifice]
 22386 | Lair:3   | Reached ** piety under Ru
 22465 | Lair:3   | Found a hole to the Spider Nest.
 22482 | Lair:3   | Reached skill level 1 in Hexes
 23159 | Lair:4   | Found a sacrificial altar of Ru.
 23216 | Lair:4   | Noticed a four-headed hydra
 23880 | Lair:4   | Found a staircase to the Swamp.
 23989 | Lair:4   | Killed a four-headed hydra
 25300 | Lair:5   | Reached XP level 14. HP: 85/88 MP: 21/21
 25315 | Lair:5   | Gained mutation: You are somewhat inexperienced. (-2 XL)
                  | [Ru sacrifice]
 25315 | Lair:5   | Reached XP level 13. HP: 82/82 MP: 20/20
 25315 | Lair:5   | Reached XP level 12. HP: 77/77 MP: 19/19
 25315 | Lair:5   | Reached *** piety under Ru
 25315 | Lair:5   | Reached **** piety under Ru
 26090 | Lair:6   | Entered Level 6 of the Lair of Beasts
 26112 | Lair:6   | Found a runed translucent door.
 26113 | Lair:6   | Found a viscous altar of Jiyva.
 26194 | Lair:6   | Noticed a five-headed hydra
 26336 | Lair:4   | Got a bone hunting sling
 26337 | Lair:4   | Identified the +12 hunting sling "Etisoanypp" {venom, MR+}
                  | (You found it on level 4 of the Lair of Beasts)
 26572 | Lair:6   | Reached skill level 5 in Hexes
 26690 | Lair:6   | Noticed a spriggan rider
 27100 | Lair:6   | Noticed a five-headed hydra
 27114 | Lair:6   | Killed a five-headed hydra
 27114 | Lair:6   | Reached XP level 13. HP: 82/82 MP: 20/20
 28112 | Lair:6   | Reached skill level 10 in Armour
 28150 | Lair:6   | Reached skill level 1 in Spellcasting
 28202 | Lair:6   | Noticed an acid blob
 28202 | Lair:6   | Noticed an acid blob
 28204 | Lair:6   | Found a staircase to the Slime Pits.
 28280 | Lair:6   | Killed a five-headed hydra
 28323 | Lair:6   | Reached skill level 1 in Shields
 29156 | Lair:1   | Found a runed translucent gate.
 29159 | Lair:1   | Found a runed translucent gate.
 29159 | Lair:1   | Found a runed translucent gate.
 29227 | Lair:1   | Noticed a minotaur
 29227 | Lair:1   | Noticed xveg's ghost (journeyman HaHu)
 29429 | Lair:2   | Killed xveg's ghost
 29582 | Lair:1   | Got a dazzling hat
 29593 | Lair:1   | Identified the +1 hat of Henwiwk {+Blink Str+3 Stlth-} (You
                  | found it on level 1 of the Lair of Beasts)
 29638 | Lair:1   | Killed a minotaur
 29833 | D:9      | Killed RatmanManrat's ghost
 30453 | D:9      | Got a steaming bone amulet
 30455 | D:9      | Identified the amulet of the Shining One's Whim {Gourm
                  | Int+2 SInv} (You found it on level 9 of the Dungeon)
 30667 | Swamp:1  | Entered Level 1 of the Swamp
 30981 | D:11     | Reached XP level 14. HP: 81/88 MP: 21/21
 32026 | D:12     | Found a runed translucent door.
 32026 | D:12     | Noticed doot's ghost (novice FeEn)
 32596 | D:12     | Found a staircase to the Orcish Mines.
 32618 | D:12     | Reached skill level 5 in Spellcasting
 33918 | D:13     | Reached skill level 5 in Shields
 34337 | D:13     | Found a shimmering altar of Xom.
 34581 | D:13     | Found Ypseufebb's Armour Boutique.
 34986 | D:13     | Found a gate to the Vaults.
 35629 | Orc:1    | Entered Level 1 of the Orcish Mines
 35672 | Orc:1    | Noticed Jorgrun
 35700 | Orc:1    | Killed Jorgrun
 35959 | Orc:2    | Entered Level 2 of the Orcish Mines
 36364 | Orc:2    | Reached XP level 15. HP: 72/92 MP: 22/22
 36467 | Orc:1    | Found Ohamoarch's Jewellery Shoppe.
 37345 | Orc:2    | Found a staircase to the Elven Halls.
 37783 | Orc:2    | Found Beunorau's Armour Boutique.
 37783 | Orc:2    | Found Ustrar's Food Shop.
 37784 | Orc:2    | Found Qeriar's Antique Armour Shop.
 37787 | Orc:2    | Found Egrom's Gadget Boutique.
 37794 | Orc:2    | Gained mutation: You are hated by all. [Ru sacrifice]
 37794 | Orc:2    | Reached ***** piety under Ru
 37920 | D:13     | Bought a +0 pair of boots for 85 gold pieces
 37920 | D:13     | Bought a +0 pair of gloves for 85 gold pieces
 38141 | Spider:1 | Entered Level 1 of the Spider Nest
 38161 | Spider:1 | Noticed an emperor scorpion
 39043 | Spider:1 | Noticed a ghost moth
 39054 | Spider:1 | Killed a ghost moth
 40236 | Spider:2 | Noticed a ghost moth
 40245 | Spider:2 | Killed a ghost moth
 40506 | Spider:2 | Reached XP level 16. HP: 70/97 MP: 28/28
 40653 | Spider:2 | Noticed Arachne
 41162 | Spider:2 | Killed Arachne
 42098 | Spider:3 | Gained mutation: You cannot be stealthy. [Ru sacrifice]
 42098 | Spider:3 | Reached ****** piety under Ru
 42226 | Spider:3 | Noticed Aizul
 42261 | Spider:3 | Killed Aizul
 43052 | Spider:4 | Entered Level 4 of the Spider Nest
 43299 | Spider:4 | Reached skill level 10 in Shields
 43331 | Spider:4 | Reached skill level 1 in Slings
 44227 | Spider:4 | Noticed Asterion
 44255 | Spider:4 | Killed Asterion
 44255 | Spider:4 | Reached skill level 5 in Slings
 45204 | Spider:4 | Reached XP level 17. HP: 102/102 MP: 29/29
 47805 | Spider:4 | Got a gossamer rune of Zot
 50381 | Swamp:2  | Paralysed by a hornet for 1 turns
 50654 | Swamp:2  | Found a basalt altar of Yredelemnul.
 51190 | Swamp:3  | Noticed Mara
 51222 | Swamp:3  | Noticed spiff's illusion
 51343 | Swamp:3  | Identified the +2 pair of gloves "Geadul" {rF+ Str+3 Int+3
                  | Slay+6}
 51343 | Swamp:3  | Noticed Nikola
 51401 | Swamp:3  | Killed Nikola
 52080 | Swamp:3  | Noticed a thorn hunter
 52099 | Swamp:3  | Killed a thorn hunter
 52570 | Swamp:3  | Reached XP level 18. HP: 110/110 MP: 30/30
 52971 | Swamp:4  | Entered Level 4 of the Swamp
 53399 | Swamp:4  | Noticed Donald
 53435 | Swamp:4  | Killed Donald
 54981 | Swamp:4  | Got a decaying rune of Zot
 55124 | Swamp:4  | Noticed a tentacled monstrosity
 55136 | Swamp:4  | Killed a tentacled monstrosity
 55618 | Lair:1   | Identified a scroll of acquirement
 56029 | D:14     | Noticed Nessos
 56040 | D:14     | Killed Nessos
 56420 | D:14     | Got a fine ring mail
 56431 | D:14     | Identified the +4 ring mail of the Undertaker {rElec rC+
                  | Int+3 Dex+4} (You found it on level 14 of the Dungeon)
 56916 | D:14     | Noticed Louise
 56938 | D:14     | Killed Louise
 57246 | D:15     | Entered Level 15 of the Dungeon
 57259 | D:15     | Reached XP level 19. HP: 120/120 MP: 31/31
 58360 | D:15     | Found a portal to a secret trove of treasure.
 58436 | D:15     | Found a staircase to the Depths.
 58818 | Vaults:1 | Entered Level 1 of the Vaults
 61082 | Vaults:2 | Noticed Saint Roka
 61099 | Vaults:2 | Killed Saint Roka
 61543 | Vaults:2 | Found a staircase to the Crypt.
 61543 | Vaults:2 | Found a basalt altar of Yredelemnul.
 61544 | Vaults:2 | Found an ancient bone altar of Kikubaaqudgha.
 62211 | Vaults:3 | Noticed Boris
 62215 | Vaults:3 | Noticed Bai Suzhen
 62446 | Vaults:3 | Reached XP level 20. HP: 112/127 MP: 32/32
 62646 | Vaults:3 | Killed Bai Suzhen
 62646 | Vaults:3 | Reached skill level 10 in Slings
 62673 | Vaults:3 | Killed Boris
 64495 | Vaults:4 | Noticed a Brimstone Fiend
 65296 | Vaults:4 | Reached XP level 21. HP: 92/132 MP: 33/33
 65713 | Vaults:4 | Reached XP level 22. HP: 132/138 MP: 34/34
 66159 | Depths:1 | Entered Level 1 of the Depths
 66549 | Depths:1 | Reached skill level 15 in Fighting
 66599 | Depths:1 | Reached skill level 15 in Dodging
 67533 | Depths:1 | Found a gateway to Hell.
 67777 | Depths:2 | Found a corrupted altar of Lugonu.
 67778 | Depths:2 | Found a one-way gate to the infinite horrors of the Abyss.
 67842 | Depths:2 | Found a magical portal.
 67890 | WizLab   | Entered Lehudib's Moon Base
 68007 | WizLab   | Paralysed by a great orb of eyes for 2 turns
 68022 | WizLab   | Found a transporter.
 68023 | WizLab   | Found the +2 cloak of the Thief {+Fog Slay-2 SInv Stlth+}
 68509 | WizLab   | Paralysed by accursed screaming for 1 turns
 69276 | WizLab   | Got a glittering marble ring
 69277 | WizLab   | Identified the ring of the Duchess {+Blink +Fly rPois rF+
                  | Dex-3} (You found it in a wizard's laboratory)
 69557 | WizLab   | Found a transporter.
 69762 | WizLab   | Reached XP level 23. HP: 147/147 MP: 35/35
 70430 | WizLab   | Got a bound golden ring
 70431 | WizLab   | Identified the ring of the Eagle {Wiz Int+3 Dex+3} (You
                  | found it in a wizard's laboratory)
 70433 | WizLab   | Identified the +1 ring mail of Understanding {rElec rPois
                  | rF+ Int+2} (You found it in a wizard's laboratory)
 70695 | Depths:2 | Noticed Sojobo
 71770 | Depths:2 | Killed Sojobo
 72198 | Depths:2 | Found a gateway to a ziggurat.
 74397 | Depths:3 | Found a one-way gate leading to the halls of Pandemonium.
 76647 | Depths:4 | Reached XP level 24. HP: 97/157 MP: 35/35
 76750 | Depths:4 | Noticed Boris
 76906 | Depths:4 | Killed Boris
 77164 | Depths:4 | Noticed a juggernaut
 78256 | Depths:4 | Paralysed by a floating eye for 3 turns
 79413 | Depths:3 | Killed a juggernaut
 80920 | Depths:4 | Noticed a golden dragon
 80931 | Depths:4 | Killed a golden dragon
 81041 | Depths:4 | Reached skill level 15 in Evocations
 81358 | Depths:4 | Identified the ring "Demaokke" {*Tele +Blink rPois rF++ MR+
                  | Dex-2} (You found it on level 4 of the Depths)
 81395 | Depths:4 | Noticed a caustic shrike
 81395 | Depths:4 | an iron troll changed into a caustic shrike
 81398 | Depths:4 | a caustic shrike changed into a shadow dragon
 81461 | Depths:4 | Noticed a golden dragon
 81482 | Depths:4 | Killed a golden dragon
 82575 | Depths:5 | Entered Level 5 of the Depths
 83151 | Depths:5 | Noticed a golden dragon
 83182 | Depths:5 | Killed a golden dragon
 83707 | Depths:5 | Reached XP level 25. HP: 164/164 MP: 35/35
 83833 | Depths:5 | Identified the +8 flail "Kaufainn" {elec, Int+3}
 83881 | Depths:5 | Found a gate to the Realm of Zot.
 84967 | Depths:5 | Noticed a caustic shrike
 84967 | Depths:5 | Noticed a caustic shrike
 85623 | Depths:5 | Noticed a caustic shrike
 85631 | Depths:5 | Killed a caustic shrike
 85649 | Depths:5 | Noticed a caustic shrike
 85672 | Depths:4 | Killed a caustic shrike
 85678 | Depths:4 | Killed a caustic shrike
 85866 | Depths:4 | Killed a caustic shrike
 87885 | Slime:1  | Entered Level 1 of the Pits of Slime
 88325 | Slime:5  | Entered Level 5 of the Pits of Slime
 88328 | Slime:5  | Gained mutation: You are weak. (Str -2) [a shining eye]
 89603 | Slime:5  | Gained mutation: You are frail. (-10% HP) [a shining eye]
 89608 | Slime:5  | Gained mutation: Your magical capacity is low. (-10% MP) [a
                  | shining eye]
 89610 | Slime:5  | Gained mutation: You have a pair of small antennae on your
                  | head. [a shining eye]
 89646 | Slime:5  | Lost mutation: You are frail. (-10% HP) [potion of
                  | mutation]
 89646 | Slime:5  | Lost mutation: You have a pair of small antennae on your
                  | head. [potion of mutation]
 89646 | Slime:5  | Lost mutation: You are weak. (Str -2) [potion of mutation]
 89646 | Slime:5  | Lost mutation: Your magical capacity is low. (-10% MP)
                  | [potion of mutation]
 89646 | Slime:5  | Gained mutation: You are resistant to electric shocks.
                  | (rElec) [potion of mutation]
 89646 | Slime:5  | Gained mutation: You have very sharp teeth. [potion of
                  | mutation]
 89646 | Slime:5  | Gained mutation: You are partially covered in icy blue
                  | scales. (AC +2) [potion of mutation]
 90724 | Slime:5  | Noticed the Royal Jelly
 90732 | Slime:5  | Killed the Royal Jelly
 91143 | Slime:5  | Gained mutation: Armour fits poorly on your strangely
                  | shaped body. [a shining eye]
 91150 | Slime:4  | Gained mutation: You are frail. (-10% HP) [a shining eye]
 91277 | Slime:4  | Gained mutation: You are very frail. (-20% HP) [a shining
                  | eye]
 91364 | Slime:4  | Lost mutation: Armour fits poorly on your strangely shaped
                  | body. [potion of mutation]
 91364 | Slime:4  | Lost mutation: You are partially covered in icy blue
                  | scales. (AC +2) [potion of mutation]
 91364 | Slime:4  | Lost mutation: You are resistant to electric shocks.
                  | (rElec) [potion of mutation]
 91364 | Slime:4  | Lost mutation: You are very frail. (-20% HP) [potion of
                  | mutation]
 91364 | Slime:4  | Gained mutation: Your body sometimes deteriorates upon
                  | taking damage. [potion of mutation]
 91364 | Slime:4  | Gained mutation: You tend to lose your temper in combat.
                  | [potion of mutation]
 91364 | Slime:4  | Gained mutation: Your movements are slightly less
                  | encumbered by armour. (ER -2) [potion of mutation]
 91365 | Slime:4  | Lost mutation: You tend to lose your temper in combat.
                  | [potion of mutation]
 91365 | Slime:4  | Lost mutation: Your movements are slightly less encumbered
                  | by armour. (ER -2) [potion of mutation]
 91365 | Slime:4  | Lost mutation: Your body sometimes deteriorates upon taking
                  | damage. [potion of mutation]
 91365 | Slime:4  | Gained mutation: You are weak. (Str -2) [potion of
                  | mutation]
 91365 | Slime:4  | Gained mutation: You are partially covered in yellow
                  | scales. (AC +2) [potion of mutation]
 91365 | Slime:4  | Gained mutation: You have a pair of small horns on your
                  | head. [potion of mutation]
 92082 | Slime:4  | Gained mutation: Armour fits poorly on your strangely
                  | shaped body. [a shining eye]
 93378 | Slime:5  | Gained mutation: Scrolls take you a little longer to read.
                  | [a shining eye]
 94046 | Slime:5  | Identified Nuodeg's Advanced Guide to Spellweaving
 94106 | Slime:5  | Identified the +4 dagger "Agofae" {protect, Int+2 Dex+3}
                  | (You found it on level 5 of the Pits of Slime)
 94129 | Slime:5  | Got a slimy rune of Zot
 94690 | Zot:1    | Entered Level 1 of the Realm of Zot
 94769 | Zot:1    | Lost mutation: You are frail. (-10% HP) [potion of
                  | mutation]
 94769 | Zot:1    | Lost mutation: Scrolls take you a little longer to read.
                  | [potion of mutation]
 94769 | Zot:1    | Gained mutation: Your magical capacity is low. (-10% MP)
                  | [potion of mutation]
 94769 | Zot:1    | Gained mutation: You have sharp fingernails. [potion of
                  | mutation]
 95170 | Zot:2    | Found a shattered altar of Ashenzari.
100090 | Zot:5    | Entered Level 5 of the Realm of Zot
100091 | Zot:5    | Noticed an orb of fire
100092 | Zot:5    | Gained mutation: You are frail. (-10% HP) [an orb of fire]
101483 | Zot:5    | Noticed a curse toe
101497 | Zot:5    | Killed a curse toe
101807 | Zot:5    | Killed an orb of fire
102540 | Zot:5    | Noticed an ancient lich
102570 | Zot:5    | Killed an ancient lich
102781 | Zot:5    | Reached skill level 15 in Armour
103924 | Zot:5    | Noticed an ancient lich
104150 | Zot:5    | Noticed a Killer Klown
104150 | Zot:5    | Noticed an orb of fire
104165 | Zot:5    | Killed an orb of fire
104167 | Zot:5    | Killed a Killer Klown
104234 | Zot:5    | Noticed an orb of fire
104497 | Zot:5    | Noticed a Killer Klown
104525 | Zot:5    | Killed a Killer Klown
104540 | Zot:5    | Gained mutation: You are clumsy. (Dex -2) [an orb of fire]
104857 | Zot:5    | Gained mutation: You are very clumsy. (Dex -4) [an orb of
                  | fire]
104860 | Zot:5    | Gained mutation: Your body sometimes deteriorates upon
                  | taking damage. [an orb of fire]
104865 | Zot:5    | Killed an orb of fire
105089 | Zot:5    | Noticed a Killer Klown
105109 | Zot:5    | Killed a Killer Klown
105171 | Zot:5    | Noticed a Killer Klown
105192 | Zot:5    | Killed a Killer Klown
105436 | Zot:5    | Noticed a Killer Klown
105447 | Zot:5    | Noticed an orb of fire
105597 | Zot:5    | Noticed a Killer Klown
105612 | Zot:4    | Killed a Killer Klown
106211 | Zot:5    | Killed an orb of fire
106218 | Zot:5    | Noticed a Killer Klown
106253 | Zot:4    | Killed a Killer Klown
107028 | Zot:5    | Noticed an ancient lich
107041 | Zot:5    | Killed an ancient lich
108015 | Zot:5    | Noticed an ancient lich
108046 | Zot:5    | Noticed a Killer Klown
108066 | Zot:5    | Killed a Killer Klown
108154 | Zot:5    | Noticed a Killer Klown
108198 | Zot:5    | Killed a Killer Klown
108691 | Zot:5    | Killed an ancient lich
109402 | Zot:5    | Killed an ancient lich
109480 | Zot:5    | Noticed an orb of fire
109483 | Zot:5    | Gained mutation: Potions are less effective at restoring
                  | your health. [an orb of fire]
109485 | Zot:5    | Killed an orb of fire
109906 | Zot:5    | Noticed an orb of fire
109914 | Zot:5    | Killed an orb of fire
111117 | Zot:5    | Got the Orb of Zot
111464 | Depths:1 | Noticed Vovey the pandemonium lord
111619 | D:8      | Noticed a seraph
111786 | D:$      | Escaped with the Orb!

Skill      XL: |  1  2  3  4  5  6  7  8  9 10 11 12 13 14 15 16 17 18 19 20 21 22 23 24 25 |
---------------+----------------------------------------------------------------------------+-----
Stealth        | 1 2 3 4 5 6 5 0 |  0.0
Dodging        | 4 5 6 5 9 10 14 16 18 19 21 | 21.7
Fighting       | 3 4 5 6 9 10 11 13 14 16 17 18 21 | 21.3
Short Blades   | 5 6 8 8 10 11 14 | 14.0
Throwing       | 3 5 4 6 10 | 10.0
Armour         | 5 6 9 10 17 | 17.0
Evocations     | 4 10 13 14 15 17 | 17.0
Hexes          | 5 3 7 8 |  8.6
Spellcasting   | 3 5 8 |  8.6
Shields        | 2 6 8 10 | 10.0
Slings         | 6 8 9 10 | 10.7

Action                   |  1- 3 |  4- 6 |  7- 9 | 10-12 | 13-15 | 16-18 | 19-21 | 22-24 | 25-27 || total
-------------------------+-------+-------+-------+-------+-------+-------+-------+-------+-------++-------
Melee: Rapier            |   103 |   143 |   360 |   766 |   705 |   434 |    94 |    17 |   266 ||  2888
       Dagger            |       |       |       |    15 |       |       |       |       |       ||    15
       Blowgun           |       |       |       |     1 |       |       |       |       |       ||     1
       Hunting sling     |       |       |       |       |     1 |       |       |     1 |       ||     2
       Cutlass           |       |       |       |       |       |       |       |       |   265 ||   265
       Headbutt          |       |       |       |       |       |       |       |       |   128 ||   128
       Bite              |       |       |       |       |       |       |       |       |    88 ||    88
 Fire: Hunting sling     |       |    79 |   193 |   212 |  1179 |  1348 |  1207 |  2193 |  2242 ||  8653
       Blowgun           |       |       |       |    62 |    75 |    12 |       |     6 |     1 ||   156
Throw: Stone             |     5 |     2 |    18 |    13 |     4 |       |       |       |       ||    42
       Throwing net      |       |     2 |       |     1 |       |       |     2 |       |     1 ||     6
 Cast: Confusing Touch   |       |       |       |       |     2 |    30 |     2 |     3 |    38 ||    75
Invok: Sacrifice Skill   |       |       |     1 |       |       |       |       |       |       ||     1
       Reject Sacrifices |       |       |       |     1 |     1 |       |       |       |       ||     2
       Draw Out Power    |       |       |       |     2 |     1 |     5 |     2 |     6 |     6 ||    22
       Sacrifice Experie |       |       |       |     1 |       |       |       |       |       ||     1
       Power Leap        |       |       |       |       |     1 |     6 |     4 |     3 |    25 ||    39
       Sacrifice Arcana  |       |       |       |       |     1 |       |       |       |       ||     1
       Apocalypse        |       |       |       |       |     1 |     5 |     1 |     1 |    11 ||    19
       Sacrifice Love    |       |       |       |       |     1 |       |       |       |       ||     1
       Sacrifice Stealth |       |       |       |       |       |     1 |       |       |       ||     1
Evoke: Wand              |       |       |       |    10 |    21 |    21 |     3 |    20 |    56 ||   131
       Sack of spiders   |       |       |       |       |     2 |       |       |       |       ||     2
  Use: Scroll            |       |    11 |     6 |     4 |    16 |     7 |     4 |    11 |     8 ||    67
       Potion            |       |     1 |     2 |       |       |     1 |     1 |     1 |    23 ||    29
 Stab: Distracted        |     1 |       |       |     2 |     4 |     1 |     1 |     1 |     1 ||    11
       Sleeping          |       |     3 |     5 |       |       |       |       |       |       ||     8
       Held in net/web   |       |     2 |       |       |       |       |       |       |       ||     2
       Invisible         |       |       |       |     1 |     3 |     4 |       |       |     4 ||    12
       Confused          |       |       |       |       |     3 |    23 |     2 |       |    18 ||    46
       Paralysed         |       |       |       |       |     2 |    13 |       |       |    11 ||    26
  Eat: Chunk             |     9 |     9 |    24 |    30 |    59 |    51 |    25 |    51 |    45 ||   303
       Ration            |       |       |       |       |       |       |       |       |    18 ||    18
Armor: Leather armour    |    24 |    32 |     9 |       |       |       |       |       |       ||    65
       Plate armour      |       |       |   136 |   361 |   478 |   630 |   140 |   226 |   411 ||  2382
Dodge: Dodged            |    84 |   140 |   232 |   520 |   755 |   844 |   270 |   381 |   617 ||  3843
Block: Buckler           |       |       |       |       |   128 |   412 |   153 |   174 |   271 ||  1138
       Shield            |       |       |       |       |    21 |       |       |       |       ||    21
       Reflection        |       |       |       |       |       |       |       |       |     2 ||     2
